Map: Base du roi Sejong EC

Players

Worming - Winner!

  • Race: Zerg Zerg
  • League: Diamond

Charzir

  • Race: Zerg Zerg
  • League: Diamond

VOD

Have the link to the VOD?

Description

Time

  • Played on: June 30, 2016, 12:49 p.m.
  • Length: 17:06
Show
View Real Time Build Order
Export as new Build Order

Worming Zerg - Winner!

Build Orders: Hatch First 

Get SALT Encoding   

  12  0:03  Drone  
  13  0:13  Overlord  
  13  0:18  Drone  
  14  0:31  Drone x2  
  16  0:39  Drone  
  17  0:53  Hatchery  
  17  0:56  Drone  
  17  1:09  Drone x2, Extractor  
  18  1:21  Spawning Pool  
  18  1:22  Drone  
  18  1:34  Drone  
  19  1:43  Overlord  
  19  1:52  Drone  
  20  2:08  Zergling x4  
  22  2:09  Queen x2  
  22  2:11  Metabolic Boost  
  26  2:19  Drone x2  
  28  2:28  Drone x2  
  30  2:34  Overlord  
  30  2:53  Drone x3  
  30  2:55  Drone  
  34  3:04  Baneling Nest  
  32  3:06  Spine Crawler  
  32  3:08  Evolution Chamber, Spine Crawler  
  30  3:13  Evolution Chamber, Spine Crawler  
  28  3:20  Zergling x2  
  28  3:21  Zergling x10  
  33  3:43  Drone x6  
  33  3:45  Zerg Ground Armor Level 1  
  38  3:49  Baneling  
  38  3:50  Baneling  
  38  3:53  Baneling  
  38  4:02  Spine Crawler  
  37  4:05  Zergling x2  
  37  4:06  Zergling x8  
  42  4:20  Zergling x2  
  43  4:31  Overlord  
  43  4:39  Baneling x2  
  43  4:48  Baneling x2  
  43  4:49  Queen, Overlord x3  
  43  5:01  Drone  
  43  5:02  Drone x8  
  43  5:06  Zerg Melee Weapons Level 1  
  52  5:08  Extractor  
  52  5:10  Extractor  
  49  5:23  Zergling x14  
  55  5:46  Baneling  
  55  5:47  Baneling  
  55  5:50  Lair  
  55  5:53  Drone x5  
  55  5:54  Extractor  
  55  5:56  Baneling x2  
  47  6:30  Zergling x2  
  47  6:31  Zergling x10  
  53  6:37  Hatchery  
  53  6:38  Queen  
  54  6:44  Overlord x2  
  54  6:51  Zerg Ground Armor Level 2  
  54  6:52  Hatchery  
  53  6:55  Zergling x6  
  53  6:56  Zergling x6  
  53  7:00  Spire  
  57  7:06  Baneling x3, Zergling x2  
  57  7:07  Zergling x2, Overseer  
  59  7:10  Zerg Melee Weapons Level 2  
  59  7:12  Zergling x2  
  59  7:13  Zergling x2  
  53  7:52  Queen  
  53  7:54  Zergling x6  
  53  7:55  Zergling x20  
  68  8:11  Mutalisk  
  68  8:12  Zerg Flyer Weapons Level 1, Mutalisk x4  
  77  8:26  Drone x6  
  81  8:38  Extractor  
  81  8:39  Zergling x10  
  85  8:43  Extractor  
  84  8:49  Mutalisk x2  
  79  9:08  Drone x3  
  79  9:09  Drone x3  
  77  9:13  Drone x6  
  73  9:37  Drone x3  
  76  9:41  Zergling x18  
  85  9:51  Infestation Pit  
  72  10:24  Mutalisk x8  
  88  10:33  Zerg Flyer Weapons Level 2  
  88  10:37  Hive  
  88  10:43  Centrifical Hooks  
  88  11:01  Overlord  
  88  11:02  Overlord x2  
  88  11:18  Hatchery  
  82  11:40  Zergling x2, Overlord  
  82  11:41  Zergling x18  
  82  11:46  Burrow  
  92  11:58  Drone x2  
  92  11:59  Drone  
  95  12:25  Ultralisk Cavern  
  95  12:26  Adrenal Glands  
  95  12:28  Baneling x17  
  94  12:30  Zergling x12  
  100  12:43  Zergling x2  
  101  12:53  Zergling x24  
  81  13:23  Zergling x18  
  83  13:28  Chitinous Plating  
  83  13:32  Ultralisk Cavern  
  78  13:38  Drone x3  
  78  13:40  Queen, Extractor  
  78  13:41  Queen x2, Extractor  
  78  14:05  Drone x3  
  79  14:20  Overseer  
  79  14:21  Pneumatized Carapace  
  79  14:26  Ultralisk  
  79  14:27  Ultralisk x3  
  103  14:32  Baneling, Overseer  
  103  14:33  Baneling x2  
  103  14:36  Drone x3  
  106  14:40  Zergling x10  
  111  14:59  Zergling x2  
  112  15:00  Overlord  
  112  15:01  Overlord  
  112  15:08  Hatchery  
  109  15:15  Baneling x2  
  109  15:16  Baneling x5  
  109  15:19  Overlord x2  
  109  15:31  Evolution Chamber  
  109  15:33  Evolution Chamber  
  93  16:05  Zergling x14  
  93  16:06  Ultralisk x3  
  106  16:21  Drone x8  
  114  16:31  Baneling x6  
  114  16:32  Baneling x4  
Show
View Real Time Build Order
Export as new Build Order

Charzir Zerg 

Build Orders: Hatch First 

Get SALT Encoding   

  12  0:01  Drone  
  13  0:12  Overlord  
  13  0:20  Drone  
  14  0:31  Drone x2  
  14  0:35  Drone  
  17  0:54  Hatchery  
  16  1:03  Drone x2  
  18  1:06  Extractor  
  17  1:23  Spawning Pool  
  17  1:25  Drone x2  
  18  1:33  Overlord  
  18  2:11  Metabolic Boost  
  18  2:13  Zergling x8  
  22  2:17  Queen x2  
  26  2:23  Zergling x2  
  27  2:30  Zergling x4  
  29  2:39  Zergling x4  
  31  2:48  Zergling x2  
  32  3:07  Drone  
  32  3:08  Drone x3  
  36  3:15  Baneling Nest  
  36  3:17  Drone  
  36  3:22  Overlord  
  36  3:25  Hatchery  
  35  3:38  Drone  
  33  3:50  Drone  
  33  3:51  Drone x6  
  33  3:53  Queen  
  42  4:06  Overlord  
  42  4:07  Drone x2  
  44  4:11  Roach Warren  
  42  4:26  Zergling x8  
  42  4:27  Zergling x4  
  46  5:08  Drone  
  46  5:09  Drone x5  
  51  5:16  Hatchery  
  51  5:20  Overlord x2  
  50  5:22  Hatchery  
  49  5:32  Zergling x2  
  49  5:33  Roach  
  49  5:35  Overlord  
  51  5:36  Baneling x3  
  51  5:37  Baneling  
  51  5:43  Lair, Extractor  
  50  5:52  Drone x4  
  50  5:53  Drone x5  
  50  5:56  Extractor  
  50  5:57  Extractor  
  55  6:14  Drone  
  57  6:19  Hatchery  
  57  6:23  Drone  
  57  6:24  Drone x6  
  61  6:32  Queen x2, Overlord  
  61  6:36  Spore Crawler  
  61  6:37  Spore Crawler  
  62  7:00  Roach x2  
  62  7:01  Roach x9  
  84  7:06  Glial Reconstitution  
  84  7:08  Evolution Chamber  
  79  7:30  Roach  
  79  7:31  Roach x7  
  91  7:38  Zerg Missile Weapons Level 1  
  91  7:41  Overlord  
  91  7:45  Roach x2  
  94  7:58  Overlord  
  94  7:59  Overlord x3  
  94  8:11  Roach  
  94  8:12  Roach  
  98  8:13  Overlord  
  98  8:32  Overlord  
  98  8:33  Roach x2  
  98  8:34  Hatchery, Roach x7  
  114  8:40  Roach x2  
  119  8:51  Spore Crawler  
  119  8:53  Hydralisk Den  
  117  8:58  Spore Crawler  
  104  9:04  Drone  
  104  9:05  Drone x2  
  71  9:34  Hydralisk  
  71  9:35  Hydralisk x7  
  87  9:39  Spore Crawler  
  86  9:48  Hydralisk  
  86  9:49  Hydralisk x2  
  92  10:05  Spore Crawler  
  91  10:16  Overlord, Hydralisk x4  
  91  10:19  Spore Crawler  
  92  10:24  Zerg Missile Weapons Level 2  
  80  10:31  Drone x3  
  80  10:32  Drone  
  80  10:33  Drone x2  
  84  10:42  Roach  
  84  10:43  Roach x2  
  84  10:47  Drone x2  
  90  10:56  Queen  
  92  11:01  Roach x4  
  100  11:12  Roach x2  
  100  11:13  Roach x2  
  108  11:28  Drone x3  
  109  11:37  Hydralisk x4  
  109  11:38  Roach x3, Hydralisk  
  125  11:49  Roach x5  
  125  11:52  Ravager x4  
  125  11:53  Ravager x2  
  141  11:55  Ravager  
  142  12:07  Roach  
  141  12:24  Hydralisk  
  141  12:26  Overlord x3  
  143  12:40  Overlord x3  
  143  12:48  Overlord x2  
  143  12:49  Roach, Hydralisk x5  
  143  12:50  Roach x2  
  157  13:10  Hydralisk x2  
  157  13:11  Roach x2, Hydralisk x4  
  157  13:12  Roach x2  
  86  13:51  Hydralisk x5  
  86  13:52  Roach x5, Hydralisk x2  
  94  14:13  Hydralisk x2  
  94  14:14  Roach x2  
  102  14:29  Extractor  
  102  14:30  Hatchery, Extractor  
  99  14:39  Extractor  
  99  14:41  Roach x6  
  99  14:42  Zergling x10, Roach  
  99  14:43  Zergling x4  
  119  15:01  Lurker Den  
  116  15:36  Zergling x4, Roach x3  
  116  15:37  Roach x7  
  116  15:38  Roach  
  126  15:45  Hatchery  
  95  15:56  Zergling x2, Roach x6  
  95  15:57  Zergling x6, Roach  
  88  16:09  Drone x2  
  88  16:10  Drone x2  
  56  16:18  Drone x2  
  52  16:32  Drone  
  53  16:42  Drone  
  53  16:51  Drone  
Tags
 
Add a new tag
Caveats
  • Supply blocks, unpowered buildings, or Contaminate may cause inaccurate times.
  • Supply counts are checked every 10 seconds.